 Dungeon Crawl Stone Soup version 0.26-a0-812-g31a745ddcd (webtiles) character file.

Game seed: 1562765704223067065

926 vurker the Magician (level 7, -2/35 HPs)
             Began as a Spriggan Ice Elementalist on Nov 25, 2020.
             Was a Follower of Vehumet.
             Killed from afar by a white imp (5 damage)
             ... with a puff of frost
             ... on level 6 of the Dungeon.
             The game lasted 00:09:54 (5567 turns).

vurker the Magician (Spriggan Ice Elementalist)     Turns: 5567, Time: 00:09:55

Health: -2/35      AC:  4    Str:  4    XL:     7   Next: 85%
Magic:  14/26      EV: 18    Int: 25    God:    Vehumet [*.....]
Gold:   236        SH:  0    Dex: 16    Spells: 6/18 levels left

rFire    . . .     SeeInvis +   m - +2 dagger (venom)
rCold    . . .     Faith    .   (shield restricted)
rNeg     . . .     Spirit   .   n - +2 robe {Archmagi}
rPois    .         Reflect  .   (helmet restricted)
rElec    .         Harm     .   o - scarf {shadows}
rCorr    .         Rampage  .   (gloves unavailable)
MR       +....                  (boots unavailable)
Stlth    ++........             (no amulet)
HPRegen  0.11/turn              c - ring of magical power
MPRegen  0.20/turn              l - +6 ring of intelligence

@: frozen ramparts, very slightly contaminated, very quick
A: very small, unfitting armour, see invisible, speed 3
a: Renounce Religion


You were on level 6 of the Dungeon.
You worshipped Vehumet.
Vehumet was aware of your devotion.
You visited 1 branch of the dungeon, and saw 6 of its levels.
You also visited: Ossuary.

You collected 236 gold pieces.

Inventory:

Hand Weapons
 m - a +2 dagger of venom (weapon)
   (You took it off an orc on level 3 of the Dungeon)
Armour
 n - a +2 robe of the Archmagi (worn)
   (You took it off Sigmund on level 3 of the Dungeon)
 o - a scarf of shadows (worn)
   (You found it on level 3 of the Dungeon)
Jewellery
 c - a ring of magical power (left hand)
   (You found it on level 1 of the Dungeon)
 l - a +6 ring of intelligence (right hand)
   (You found it on level 2 of the Dungeon)
 r - a +4 ring of evasion
   (You found it on level 5 of the Dungeon)
Wands
 b - a wand of polymorph (8)
   (You found it on level 3 of the Dungeon)
Scrolls
 a - 3 scrolls of teleportation {unknown}
 e - 6 scrolls of remove curse
 f - a scroll of enchant weapon {unknown}
 j - a scroll of blinking {unknown}
 u - a scroll of identify
 v - a scroll of enchant armour {unknown}
Potions
 d - a potion of invisibility
 g - 2 potions of curing
 h - a potion of mutation
 i - a potion of haste
 k - a potion of resistance
 p - a potion of attraction
 q - a potion of brilliance
 s - 2 potions of heal wounds {unknown}
 t - a potion of flight {unknown}


   Skills:
 + Level 2.4 Fighting
 - Level 3.0 Dodging
 - Level 3.0 Stealth
 * Level 6.2 Spellcasting
 * Level 2.6 Conjurations
 * Level 2.2 Summonings
 * Level 5.1 Ice Magic


You had 6 spell levels left.
You knew the following spells:

 Your Spells              Type           Power        Failure   Level
a - Freeze                Ice            ####         1%          1
b - Frozen Ramparts       Ice            ####..       2%          3
c - Hailstorm             Conj/Ice       ####....     14%         4
d - Summon Ice Beast      Ice/Summ       ####....     16%         4

Your spell library contained the following spells:

 Spells                   Type           Power        Failure   Level
 Magic Dart               Conj           ###.         2%          1
 Ozocubu's Armour         Ice            ####....     2%          3
 Beastly Appendage        Tmut           #.....       8%          1
 Wereblood                Tmut           #.......     11%         2
 Spider Form              Tmut/Pois      #.........   22%         3
 Ice Form                 Ice/Tmut       ###.....     26%         4
 Blade Hands              Tmut           #.........   90%         5


Dungeon Overview and Level Annotations

Branches:
Dungeon (6/15)             Temple (0/1) D:5         Ossuary (visited)

Altars:
Gozag
Uskayaw
Vehumet
Xom

Annotations:
D:3 3 runed translucent doors, Lanoc's ghost, weakling DsCj; kae's ghost, amateur TeTm


Innate Abilities, Weirdness & Mutations

You are very small and have problems with some larger weapons.
You are too small for most types of armour.
You have supernaturally acute eyesight. (SInv)
You cover ground extremely quickly.


Message History

A giant cockroach comes into view.
The orc shouts!
The white imp shouts, "Crawl home, thou yeasty moldwarp barnacle!"
You hear a shout!
The orc hits you.
An orc comes into view. It is wielding a +0 dagger.
The walls around you are covered in ice.
The wall freezes the orc.
The orc hits you.
Aim: an orc, wearing a +0 ring mail (severely wounded)
You freeze the orc.
You kill the orc!
Vehumet accepts your kill.
The wall freezes the giant cockroach.
You can't see any susceptible monsters within range! (Use Z to cast anyway.)
The wall freezes the giant cockroach.
You kill the giant cockroach!
Vehumet accepts your kill.
You see here a giant cockroach corpse.
Aim: a white imp The white imp resists.
You freeze the white imp.
The white imp completely resists.
The wall freezes the white imp but do no damage.
The white imp barely misses you.
You barely miss the white imp.
The white imp completely resists.
The wall freezes the white imp but do no damage.
The white imp gestures at you. The puff of frost misses you.
You hit the white imp.
The white imp completely resists.
The wall freezes the white imp but do no damage.
The white imp barely misses you.
The spell is quite dangerous to cast (16% risk of failure)!
Continue anyway?
You miscast Summon Ice Beast.
You are very lightly contaminated with residual magic.
Heat is drained from your body!
The white imp resists.
The wall freezes the white imp.
The white imp gestures at you. The puff of frost hits you!
* * * LOW HITPOINT WARNING * * *
The spell is quite dangerous to cast (16% risk of failure)!
Continue anyway?
A chill wind blows around you.
The white imp resists.
The wall freezes the white imp.
The white imp gestures at you. The puff of frost hits you!
* * * LOW HITPOINT WARNING * * *
The white imp completely resists.
The wall freezes the white imp but do no damage.
The white imp shouts, "Take thy face hence, thou unmuzzled hedge-born crab-lanthorn!"
The white imp gestures at you. The puff of frost hits you.
You die...

#.5.......###.#
#........##.#
#........##.#
##.......##.#########
##.................##
.####...###..#.........
........# #..#.#####.##
..#####.Y###..#.# #.#
....o5†@#.)<#.#.#####.#
#...######.##.#.......#
.. ..........#...#####
######.##.......####
#.##...........
#.##.......####
#(####...###### #.#
#[........ ...
##########


You could see a white imp, an orc and a friendly ice beast (summoned).

Vanquished Creatures
  Sigmund (D:3)
  An orc warrior (D:6)
  An ogre (D:5)
  A bullfrog (D:6)
  A scorpion (D:4)
  A water moccasin skeleton (D:5)
  A jelly (D:6)
  4 orc wizards (D:5)
  3 worker ants (D:4)
  10 adders
  2 ufetubi
  2 worms
  2 dart slugs (D:1)
  4 leopard geckos
  15 orcs
  5 bats
  5 giant cockroaches
  5 goblins
  5 hobgoblins
  6 jackals
  5 kobolds
  2 quokkas
  A ball python (D:5)
  3 frilled lizards (D:1)
  5 rats
91 creatures vanquished.

Vanquished Creatures (collateral kills)
  An iguana (D:5)
  An orc (D:5)
  A leopard gecko skeleton (D:5)
3 creatures vanquished.

Vanquished Creatures (others)
  4 plants (D:5)
  4 withered plants (D:3)
8 creatures vanquished.

Grand Total: 102 creatures vanquished

Notes
Turn   | Place    | Note
-------+----------+-------------------------------------------
     0 | D:1      | vurker the Spriggan Ice Elementalist began the quest for
                  | the Orb.
     0 | D:1      | Reached XP level 1. HP: 9/9 MP: 5/5
   229 | D:1      | Reached skill level 3 in Spellcasting
   408 | D:1      | Reached XP level 2. HP: 14/14 MP: 7/7
  1291 | D:2      | Found a shimmering altar of Xom.
  1455 | D:2      | Reached XP level 3. HP: 16/17 MP: 9/9
  1520 | D:2      | Learned a level 3 spell: Frozen Ramparts
  1794 | D:2      | Found a radiant altar of Vehumet.
  1940 | D:2      | Became a worshipper of Vehumet
  2029 | D:3      | Reached skill level 1 in Fighting
  2133 | D:3      | Reached skill level 4 in Spellcasting
  2133 | D:3      | Reached XP level 4. HP: 20/22 MP: 11/11
  2218 | D:3      | Learned a level 4 spell: Hailstorm
  2291 | D:3      | Found a runed translucent gate.
  2291 | D:3      | Found a runed translucent gate.
  2291 | D:3      | Found a runed translucent gate.
  2291 | D:3      | Noticed kae's ghost (amateur TeTm)
  2291 | D:3      | Noticed kae's ghost (amateur TeTm)
  2292 | D:3      | Noticed Lanoc's ghost (weakling DsCj)
  2470 | D:3      | Noticed Sigmund
  2525 | D:3      | Killed Sigmund
  2525 | D:3      | Reached skill level 1 in Conjurations
  2525 | D:3      | Reached XP level 5. HP: 25/25 MP: 13/13
  3013 | D:3      | Learned a level 4 spell: Summon Ice Beast
  3074 | D:4      | Reached * piety under Vehumet
  3074 | D:4      | Offered knowledge of Foxfire by Vehumet.
  3077 | D:4      | Found a hide-covered altar of Uskayaw.
  3086 | D:4      | Reached skill level 5 in Spellcasting
  3086 | D:4      | Reached XP level 6. HP: 25/30 MP: 14/14
  4180 | D:5      | Entered Level 5 of the Dungeon
  4225 | D:5      | Reached skill level 1 in Summonings
  4319 | D:5      | Reached XP level 7. HP: 19/35 MP: 16/16
  4525 | D:5      | Found a sand-covered staircase.
  4530 | Ossuary  | Entered an ossuary
  4558 | D:5      | Found a staircase to the Ecumenical Temple.
  4586 | D:5      | Found an opulent altar of Gozag.
  5439 | D:6      | Reached skill level 6 in Spellcasting
  5480 | D:6      | Reached skill level 5 in Ice Magic
  5503 | D:6      | Offered knowledge of Magic Dart by Vehumet.
  5567 | D:6      | Killed from afar by a white imp

Illustrated notes

Levels and vault maps discovered:
D:1:      lemuel_arrival_room, layout_loops_ring, minmay_misc_feat_rows
D:2:      layout_loops_ring, vehumet_crystals, lemuel_doored_altar
D:3:      layout_basic, gammafunk_ghost_cemetery, uniq_sigmund
D:4:      layout_basic, old_standard_altar
D:5:      layout_rooms, grunt_gozag_breadcrumbs,
          minmay_temple_entry_gardened_gates, serial_corexii_hall,
          corexii_hall_statues_t, corexii_hall_statues_x,
          corexii_hall_statues_i, corexii_hall_statues_x,
          corexii_hall_statues_s, corexii_hall_statues_deadend, enter_ossuary_2
D:6:      layout_loops_ring, zin_treasury

Skill      XL: |  1  2  3  4  5  6  7 |
---------------+----------------------+-----
Spellcasting   | 3 4 5 6 |  6.2
Fighting       | 1 2 |  2.4
Ice Magic      | 4 5 |  5.1
Conjurations   | 1 2 |  2.6
Summonings     | 1 2 |  2.2
Dodging        | |  3.0
Stealth        | |  3.0

Action                   |  1- 3 |  4- 6 |  7- 9 || total
-------------------------+-------+-------+-------++-------
Melee: Dagger            |    21 |    56 |    16 ||    93
       Unarmed           |     1 |       |       ||     1
 Cast: Freeze            |    50 |    36 |    23 ||   109
       Frozen Ramparts   |     3 |     9 |     7 ||    19
       Summon Ice Beast  |       |       |     2 ||     2
       Hailstorm         |       |       |     1 ||     1
  Use: Scroll            |       |    10 |     1 ||    11
       Potion            |       |     2 |       ||     2
 Stab: Sleeping          |     5 |     4 |     2 ||    11
Armor: Robe              |     7 |    13 |     4 ||    24
Dodge: Dodged            |    41 |    61 |    23 ||   125

Table legend: (Time is in decaauts)
 A = Elapsed time spent in this place.
 B = Non-inter-level travel time spent in this place.
 C = Inter-level travel time spent in this place.
 D = Time resting spent in this place.
 E = Time spent auto-exploring this place.
 F = Levels seen in this place.
 G = Mean time per level.
                   A        B        C        D        E       F      G
               +--------+--------+--------+--------+--------+-----+--------+
         Total |   4320 |   4180 |    140 |    691 |   2754 |   7 |  617.1 |
       Dungeon |   4314 |   4174 |    140 |    691 |   2754 |   6 |  719.0 |
       Ossuary |      6 |      6 |      0 |      0 |      0 |   1 |    6.0 |
               +--------+--------+--------+--------+--------+-----+--------+

Top non-repeatable levels by time:
     D:3: 1058 daAuts
     D:1: 961 daAuts
     D:5: 960 daAuts
     D:4: 698 daAuts
     D:2: 501 daAuts
     D:6: 135 daAuts
 Ossuary: 6 daAuts
